 Dungeon Crawl Stone Soup version 0.22-a0-414-gacd343e8ff (webtiles) character file.

695 Manul the Slasher (level 7, -2/78 HPs)
             Began as a Demonspawn Gladiator on May 13, 2018.
             Slain by a sky beast (5 damage)
             ... on level 5 of the Dungeon.
             The game lasted 00:05:04 (5018 turns).

Manul the Slasher (Demonspawn Gladiator)            Turns: 5018, Time: 00:05:04

Health: -2/78      AC:  5    Str: 21    XL:     7   Next: 37%
Magic:  0/7        EV: 14    Int: 10    God:
Gold:   185        SH:  4    Dex: 16    Spells: 6/6 levels left

rFire    . . .     SeeInvis .   a - +0 long sword
rCold    . . .     Gourm    .   (no shield)
rNeg     . . .     Faith    .   y - +1 leather armour {MR+}
rPois    .         Spirit   +   c - +0 helmet
rElec    .         Reflect  .   (no cloak)
rCorr    .         Harm     .   (no gloves)
MR       +....                  (no boots)
Stlth    ..........             m - amulet of guardian spirit
HPRegen  0.23/turn              o - +2 ring of strength
MPRegen  0.10/turn              (no ring)

@: berserking, very quick
A: large bone plates 1, demonic guardian 1
a: no special abilities


You were on level 5 of the Dungeon.
You were very hungry.

You visited 1 branch of the dungeon, and saw 5 of its levels.

You collected 185 gold pieces.

Inventory:

Hand Weapons
 a - a +0 long sword (weapon)
Missiles
 d - 3 throwing nets (quivered)
Armour
 b - a +0 leather armour
 c - a +0 helmet (worn)
 y - a +1 leather armour of magic resistance (worn)
Jewellery
 m - an amulet of guardian spirit (around neck)
 o - a +2 ring of strength (left hand)
 t - a cursed ring of loudness {unknown}
 x - a cursed ring of loudness {unknown}
Scrolls
 e - 2 scrolls of remove curse {unknown}
 g - 2 scrolls of teleportation {unknown}
 h - 2 scrolls of fear {unknown}
 l - 6 scrolls of identify {unknown}
 p - a scroll of immolation {unknown}
 r - 4 scrolls of amnesia {unknown}
 u - 2 scrolls of fog {unknown}
 w - a scroll of enchant armour {unknown}
Potions
 i - a potion of heal wounds {unknown}
 j - 4 potions of curing {unknown}
 k - a potion of lignification
 n - a potion of might {unknown}
 s - a potion of degeneration {unknown}
 v - a potion of agility {unknown}
Comestibles
 f - 5 rations


   Skills:
 + Level 3.3 Fighting
 + Level 5.7 Long Blades
 + Level 1.9 Throwing
 + Level 2.6 Armour
 + Level 3.9 Dodging
 + Level 2.0 Stealth


You had 6 spell levels left.
You didn't know any spells.
Your spell library contained the following spells:

 Spells                   Type           Power        Failure   Level  Hunger
 Invisibility             Hex            #.......     100%        6    #######
 Swiftness                Chrm/Air       #.......     54%         2    ###....
 Passwall                 Tmut/Erth      #.........   54%         2    ###....
 Lee's Rapid Deconstruct  Erth           #.........   100%        5    ######.
 Passage of Golubria      Tloc           N/A          99%         4    #####..
 Darkness                 Hex            #.........   100%        6    #######


Dungeon Overview and Level Annotations

Branches:
Dungeon (5/15)
 Temple: D:4-7

Altars:
Elyvilon
Hepliaklqana
Kikubaaqudgha
Qazlal

Annotations:
D:5 Prince Ribbit


Innate Abilities, Weirdness & Mutations

You are partially covered in large bone plates. (SH +4)
A weak demonic guardian rushes to your aid.


Message History

* * * LOW HITPOINT WARNING * * *
The sky beast shocks you.
* * * LOW HITPOINT WARNING * * *
You hit the sky beast.
The sky beast is moderately wounded.
You hit the sky beast.
The sky beast is heavily wounded.
Prince Ribbit blinks!
The sky beast flickers out of sight!
Deactivating autopickup; reactivate with Ctrl-A.
Something completely misses you.
You slash something! Something hits you.
* * * LOW HITPOINT WARNING * * *
Something shocks you.
* * * LOW HITPOINT WARNING * * *
You completely miss something.
Prince Ribbit catches a butterfly with his tongue.
Something hits you.
* * * LOW HITPOINT WARNING * * *
Something shocks you.
You die...

######.######## #...#
.#
...##.........##..#.#
##.##.#.......#...#.#
#....#.......#.#.#F#
####.........#.#.#.#
..............#...#.#
#######.......# ###)#
........F...#####.#
#####........{@5†.#
#.......#######
#.......# #########


You could see Prince Ribbit and a friendly white imp.

Vanquished Creatures
  Eustachio (D:5)
  An ice beast (D:5)
  A sky beast (D:5)
  A big kobold (D:3)
  2 crimson imps
  2 orc wizards (D:4)
  An orc priest (D:4)
  An iguana (D:4)
  A worker ant (D:5)
  A worker ant zombie (D:5)
  3 gnolls (D:4)
  5 adders
  2 oozes
  An adder skeleton (D:5)
  4 worms
  2 leopard geckos
  8 orcs
  6 bats
  2 bat zombies (D:3)
  4 giant cockroaches
  4 goblins
  5 hobgoblins
  6 jackals
  3 kobolds
  2 quokkas
  3 ball pythons
  6 frilled lizards
  A giant cockroach zombie (D:1)
  A jackal zombie (D:1)
  A leopard gecko skeleton (D:4)
  5 rats
  2 rat zombies (D:3)
88 creatures vanquished.

Vanquished Creatures (collateral kills)
  2 orcs (D:4)
  A jackal (D:4)
3 creatures vanquished.

Grand Total: 91 creatures vanquished

Notes
Turn   | Place    | Note
-------+----------+-------------------------------------------
     0 | D:1      | Manul the Demonspawn Gladiator began the quest for the Orb.
     0 | D:1      | Reached XP level 1. HP: 16/16 MP: 1/1
   343 | D:1      | Gained mutation: You are partially covered in large bone plates. (SH +4) [demonic ancestry]
   343 | D:1      | Reached XP level 2. HP: 22/22 MP: 2/2
   399 | D:1      | Reached skill level 3 in Long Blades
  1146 | D:2      | Reached skill level 1 in Stealth
  1146 | D:2      | Reached XP level 3. HP: 18/27 MP: 1/3
  1249 | D:2      | Found a hazy altar of Hepliaklqana.
  1249 | D:2      | Found a white marble altar of Elyvilon.
  1743 | D:3      | Reached XP level 4. HP: 29/33 MP: 4/4
  1863 | D:3      | Noticed a big kobold
  1888 | D:3      | Killed a big kobold
  1888 | D:3      | Reached skill level 4 in Long Blades
  1888 | D:3      | Reached skill level 1 in Armour
  1888 | D:3      | Gained mutation: A weak demonic guardian rushes to your aid. [demonic ancestry]
  1888 | D:3      | Reached XP level 5. HP: 12/39 MP: 2/5
  2548 | D:3      | Found an ancient bone altar of Kikubaaqudgha.
  2939 | D:4      | Reached XP level 6. HP: 21/46 MP: 2/6
  3201 | D:4      | Found a stormy altar of Qazlal.
  3418 | D:4      | Reached skill level 5 in Long Blades
  4091 | D:5      | Entered Level 5 of the Dungeon
  4127 | D:5      | Noticed an ice beast
  4151 | D:5      | Killed an ice beast
  4688 | D:5      | Noticed Eustachio
  4715 | D:5      | Killed Eustachio
  4715 | D:5      | Reached XP level 7. HP: 21/52 MP: 5/7
  4957 | D:5      | Noticed Prince Ribbit
  5018 | D:5      | HP: 3/78 [something (2)]
  5018 | D:5      | Slain by a sky beast

Vault maps used:
D:1:      saegor_arrival_fortress
D:2:      amethyst_overflow_temple_binary, minivault_11
D:3:      lemuel_zombie_altar_kikubaaqudgha, first_ration,
          serial_co_window_serial, co_window_corner_a, co_window_corner_a,
          co_window_paths_a, co_window_corner_a, co_window_paths_b,
          co_window_broadway_c, co_window_corner_b, co_window_unsneaky_path_a,
          co_window_broadway_c, co_window_of_opportunity_c, glass_columns_b,
          glass_columns_a, glass_columns_c, glass_columns_b, glass_columns_a,
          minmay_misc_feat_columns, nicolae_underground_beach
D:4:      nicolae_qazlal_eye_of_the_storm
D:5:      uniq_eustachio, uniq_prince_ribbit1

Skill      XL: |  1  2  3  4  5  6 |
---------------+-------------------+-----
Dodging        | 3 |  3.9
Long Blades    | 3 4 5 |  5.7
Stealth        | 1 2 |  2.0
Armour         | 1 2 |  2.6
Fighting       | 3 |  3.3
Throwing       | |  1.9

Action                   |  1- 3 |  4- 6 |  7- 9 || total
-------------------------+-------+-------+-------++-------
Melee: Long sword        |   119 |   224 |    31 ||   374
  Use: Potion            |       |     2 |     1 ||     3
 Stab: Sleeping          |     3 |     2 |       ||     5
       Distracted        |       |     1 |       ||     1
  Eat: Chunk             |     3 |     6 |       ||     9
       Ration            |       |     1 |       ||     1
Armor: Leather armour    |    31 |    39 |     9 ||    79
       Skin              |       |     7 |       ||     7
Dodge: Dodged            |    87 |   138 |    16 ||   241
Block: Other             |    16 |    36 |     7 ||    59
       Rpst.: Long sword |    27 |    35 |     3 ||    65

Table legend:
 A = Spawn XP
 B = Non-spawn XP
 C = Spawn XP percentage of total XP
 D = Spawn monster count
 E = Non-spawn monster count
 F = Spawn count percentage of total count
 G = Total turns spent on level
                    A         B        C        D         E        F      G
               +---------+---------+-------+---------+---------+-------+---------
         Total |       0 |     994 |   0.0 |       0 |      91 |   0.0 |  5018
               +---------+---------+-------+---------+---------+-------+---------
           D:1 |       0 |      21 |   0.0 |       0 |      13 |   0.0 |   704
           D:2 |       0 |      40 |   0.0 |       0 |      18 |   0.0 |   924
           D:3 |       0 |     228 |   0.0 |       0 |      26 |   0.0 |  1201
           D:4 |       0 |     267 |   0.0 |       0 |      26 |   0.0 |  1262
           D:5 |       0 |     438 |   0.0 |       0 |       8 |   0.0 |   927
               +---------+---------+-------+---------+---------+-------+---------
